 Dungeon Crawl Stone Soup version 0.21-a0-538-gd16b88a (webtiles) character file.

2 Gorice the Magician (level 1, -1/16 HPs)
             Began as a Demonspawn Wanderer on Dec 16, 2017.
             Slain by a hobgoblin (2 damage)
             ... on level 1 of the Dungeon.
             The game lasted 00:02:19 (205 turns).

Gorice the Magician (Demonspawn Wanderer)            Turns: 205, Time: 00:02:20

Health: -1/16      AC:  2    Str: 11    XL:     1   Next: 33%
Magic:  4/4        EV: 11    Int: 14    God:
Gold:   5          SH:  0    Dex: 12    Spells: 6/6 levels left

rFire    . . .     SeeInvis .   (no weapon)
rCold    . . .     Gourm    .   (no shield)
rNeg     . . .     Faith    .   e - +0 robe
rPois    .         Spirit   .   (no helmet)
rElec    .         Reflect  .   (no cloak)
rCorr    .         Harm     .   (no gloves)
MR       .....                  (no boots)
Stlth    +.........             (no amulet)
HPRegen  0.05/turn              (no ring)
MPRegen  0.09/turn              (no ring)

@: no status effects
A: no striking features
a: no special abilities


You were on level 1 of the Dungeon.
You were not hungry.

You visited 1 branch of the dungeon, and saw 1 of its levels.

You collected 5 gold pieces.

Inventory:

Hand Weapons
 b - a +0 blowgun
Missiles
 c - 18 poisoned needles
Armour
 e - a +0 robe (worn)
Potions
 g - a potion of cancellation {unknown}
Books
 d - the Compendium of Summoning

   Spells                             Type                      Level
   a - Summon Butterflies             Summoning                    1
   b - Recall                         Summoning/Translocation      3
Miscellaneous
 a - a fan of gales
Comestibles
 f - a bread ration {!e}
 h - 2 chunks of flesh


   Skills:
 * Level 2.2 Fighting
   Level 1.0 Crossbows
 - Level 1.0 Throwing
 - Level 3.0 Spellcasting
   Level 1.7 Ice Magic
 - Level 1.0 Evocations


You had 6 spell levels left.
You didn't know any spells.

Dungeon Overview and Level Annotations

Branches:
Dungeon (1/15)

Altars:


Message History

You hit the bat.
You kill the bat!
No target in view!
No target in view!
b - a +0 blowgun (weapon)
You see here a bat corpse.
You butcher the bat corpse.
h - 2 chunks of flesh (gained 1)
You are now empty-handed.
You see here a bat skeleton.
A hobgoblin and a kobold come into view.
The kobold shouts!
The hobgoblin shouts!
The kobold moves out of view.
A hobgoblin is nearby!
A hobgoblin is nearby!
A hobgoblin is nearby!
Unknown command.
Unknown command.
Unknown command.
Found 12 gold pieces.
The kobold throws a stone.
The stone barely misses you.
You miss the kobold. The kobold hits you with a dagger. The hobgoblin hits you.
Damage: 2 (max 2)
You hit the kobold but do no damage. The kobold barely misses you.
The hobgoblin closely misses you.
The kobold throws a stone.
The stone barely misses you.
You see here a stone.
The kobold throws a stone.
The stone barely misses you.
You see here a stone.
You barely miss the hobgoblin. The hobgoblin hits you.
* * * LOW HITPOINT WARNING * * *
Damage: 4 (max 4)
You closely miss the hobgoblin. The hobgoblin hits you.
* * * LOW HITPOINT WARNING * * *
Damage: 2 (max 4)
You completely miss the hobgoblin. The hobgoblin hits you.
* * * LOW HITPOINT WARNING * * *
Damage: 2 (max 4)
You hit the hobgoblin.
The hobgoblin is heavily wounded.
The hobgoblin barely misses you.
You hit the hobgoblin.
The hobgoblin is almost dead.
The hobgoblin hits you.
* * * LOW HITPOINT WARNING * * *
Damage: 2 (max 4)
You barely miss the hobgoblin.
The hobgoblin is almost dead.
The hobgoblin hits you.
You die...

#!..# #.............
#.#.# ######.⌠.#####
#...# #...####. #..#
#.⌠.#.... #..#
#...#.##. #..#
#.⌠.#.##. #.(#
#...#.##. #Kg##
#.⌠.#.##. ##(#@##
#...#.##.
##.###.#######.>.#.##.
#.## ##......#...#.##.
##.###.#.##...#....##.
#####
##.#.#.#.#.>......(..
##...##
#..#.###.#..########
#.....#####..## ##...#
#.........÷.#.###.#.##
#..............#....#


You could see a hobgoblin and a kobold.

Vanquished Creatures
  2 bats (D:1)
  A frilled lizard (D:1)
  A kobold (D:1)
4 creatures vanquished.

Notes
Turn   | Place    | Note
-------+----------+-------------------------------------------
     0 | D:1      | Gorice the Demonspawn Wanderer began the quest for the Orb.
     0 | D:1      | Gorice set off with: a fan of gales, the Compendium of Summoning, 11 poisoned needles, a +0 blowgun, a +0 robe, a bread ration {!e}
     0 | D:1      | Reached XP level 1. HP: 16/16 MP: 4/4
     0 | D:1      | Identified the Compendium of Summoning
   201 | D:1      | HP: 4/16 [hobgoblin (2)]
   204 | D:1      | HP: 1/16 [hobgoblin (2)]
   205 | D:1      | Slain by a hobgoblin

Vault maps used:
D:1:      lemuel_arrival_hallway, minmay_misc_feat_alley, ashenzari_altar_1

Action                   || total
-------------------------++-------
Melee: Unarmed           ||    32
 Fire: Blowgun           ||     4
Armor: Robe              ||    15
Dodge: Dodged            ||    33

Table legend:
 A = Spawn XP
 B = Non-spawn XP
 C = Spawn XP percentage of total XP
 D = Spawn monster count
 E = Non-spawn monster count
 F = Spawn count percentage of total count
 G = Total turns spent on level
                    A         B        C        D         E        F      G
               +---------+---------+-------+---------+---------+-------+---------
         Total |       0 |       4 |   0.0 |       0 |       4 |   0.0 |   205
               +---------+---------+-------+---------+---------+-------+---------
           D:1 |       0 |       4 |   0.0 |       0 |       4 |   0.0 |   205
               +---------+---------+-------+---------+---------+-------+---------

Table legend:
 A = Turns spent in this place as a percentage of turns spent in the entire game.
 B = Non-inter-level travel turns spent in this place as a percentage of non-inter-level travel turns spent in the entire game.
 C = Inter-level travel turns spent in this place as a percentage of turns spent in this place.
 D = Turns resting spent in this place as a percentage of non-inter-level travel turns spent in this place.
 E = Turns spent auto-exploring this place as a percentage of non-inter-level travel turns spent in this place.
 F = Non-inter-level travel turns spent in this place divided by the number of levels of this place that you've seen.
                   A       B       C       D       E      F
               +-------+-------+-------+-------+-------+----------------------
         Total | 100.0 | 100.0 |   0.0 |   0.0 |  43.4 | 205.0
       Dungeon | 100.0 | 100.0 |   0.0 |   0.0 |  43.4 | 205.0
               +-------+-------+-------+-------+-------+----------------------

Vault maps used:
D:1:      lemuel_arrival_hallway, minmay_misc_feat_alley, ashenzari_altar_1
